 Dungeon Crawl Stone Soup version 0.29-a0-845-g6161e89988 (webtiles) character file.

Game seed: 2852729495541309800

136077 freelancePsychic the Thaumaturge (level 16, -33/141 HPs)
             Began as a Demigod Artificer on July 15, 2022.
             Blown up by a conjurer statue (53 damage)
             ... with an orb of destruction
             ... in a wizard's laboratory.
             The game lasted 01:11:17 (42957 turns).

freelancePsychic the Thaumaturge (DgAr)            Turns: 42957, Time: 01:11:17

Health: -33/141    AC: 19    Str: 17    XL:     16   Next: 16%
Magic:  16/38      EV: 10    Int: 35    God:
Gold:   502        SH:  5    Dex: 14    Spells: 28/41 levels left

rFire   + . .      SeeInvis .   n - +8 double sword
rCold   + + +      Faith    .   y - +0 buckler
rNeg    . . .      Spirit   .   h - +2 scale mail "Ymenamp" {-Tele rC++ Will+ Regen+}
rPois   .          Reflect  .   X - +1 helmet
rElec   .          Harm     .   A - +0 cloak
rCorr   .          Rampage  .   s - +0 pair of gloves
Will    ++...      NoTele   +   K - +3 pair of boots of Soroasun {+Blink rC+ Slay+2}
Stlth   ..........              (no amulet)
HPRegen 1.13/turn               S - ring of protection from fire
MPRegen 0.26/turn               v - +6 ring of intelligence

@: very slightly contaminated
A: high MP 1, forlorn, divine attributes
a: Evoke Blink


You were in a wizard's laboratory.
You visited 4 branches of the dungeon, and saw 23 of its levels.
You also visited: Ossuary, Bailey, Volcano and Wizlab.

You collected 1811 gold pieces.
You spent 1309 gold pieces at shops.

Inventory:

Hand Weapons
 n - a +8 double sword (weapon)
Missiles
 W - a throwing net
Armour
 h - the +2 scale mail "Ymenamp" (worn) {-Tele rC++ Will+ Regen+}
   (You bought it in a shop on level 2 of the Orcish Mines)

   rC:        It greatly protects you from cold.
   -Tele:     It prevents most forms of teleportation.
   Regen:     It increases your rate of health regeneration.
   Will:      It increases your willpower.
 s - a +0 pair of gloves (worn)
 y - a +0 buckler (worn)
 A - a +0 cloak (worn)
 E - a +1 leather armour of fire resistance
 K - the +3 pair of boots of Soroasun (worn) {+Blink rC+ Slay+2}
   (You found it on level 8 of the Dungeon)

   Slay:      It affects your accuracy & damage with ranged weapons and melee
   (+2).
   rC:        It protects you from cold.
   +Blink:    It lets you blink.
 T - the +4 chain mail of Ashenzari {rC+ Str+4 Dex+4}
   (You found it on level 6 of the Lair of Beasts)

   Str:       It affects your strength (+4).
   Dex:       It affects your dexterity (+4).
   rC:        It protects you from cold.
 X - a +1 helmet (worn)
Magical Staves
 a - a staff of fire
Jewellery
 e - a ring of magical power
 f - a +4 ring of slaying
 t - a ring of poison resistance
 v - a +6 ring of intelligence (right hand)
 Q - a ring of flight
 S - a ring of protection from fire (left hand)
Wands
 c - a wand of flame (27)
 x - a wand of mindburst (10)
 z - a wand of polymorph (19)
 P - a wand of roots (12)
 R - a wand of charming (10)
Scrolls
 g - 2 scrolls of fog
 j - a scroll of summoning
 o - 5 scrolls of immolation
 p - a scroll of blinking
 q - 4 scrolls of teleportation {@r4}
 r - 2 scrolls of poison
 C - 2 scrolls of vulnerability
 D - 5 scrolls of noise
 I - a scroll of torment
 J - a scroll of identify {@r1}
 M - 2 scrolls of silence
 O - a scroll of enchant armour {unknown}
Potions
 i - 12 potions of lignification
 k - 2 potions of brilliance
 l - 4 potions of haste {@q3}
 m - 5 potions of mutation
 w - 2 potions of curing {@q1}
 B - 3 potions of resistance {unknown}
 F - 4 potions of ambrosia {unknown}
 G - 2 potions of magic {unknown}
 H - 7 potions of attraction
 L - 2 potions of cancellation {unknown}
 N - 5 potions of flight {unknown}
Miscellaneous
 d - a box of beasts
 u - a phantom mirror


   Skills:
 + Level 12.7 Fighting
 - Level 10.0 Long Blades
 - Level 1.7 Axes
 + Level 7.6 Armour
 - Level 3.2 Dodging
 - Level 0.9 Stealth
 - Level 4.0 Shields
 - Level 13.2 Spellcasting
 + Level 12.5 Conjurations
 - Level 3.8 Fire Magic
 + Level 12.5 Earth Magic
 - Level 5.1 Poison Magic
 - Level 3.2 Evocations


You had 28 spell levels left.
You knew the following spells:

 Your Spells              Type           Power      Damage    Failure   Level
a - Iron Shot             Conj/Erth      42%        9d8       6%          6
c - Ignite Poison         Fire/Tmut/Pois 43%        N/A       6%          3
d - Olgreb's Toxic Radia  Pois           56%        N/A       9%          4

Your spell library contained the following spells:

 Spells                   Type           Power      Damage    Failure   Level
 Shock                    Conj/Air       100%       1d9       1%          1
 Dazzling Flash           Conj/Hex       100%       N/A       1%          3
 Stone Arrow              Conj/Erth      100%       3d13      1%          3
 Sting                    Tmut/Pois      100%       1d8       2%          1
 Poisonous Vapours        Pois/Air       82%        N/A       3%          2
 Animate Armour           Summ/Erth      100%       N/A       4%          4
 Iskenderun's Mystic Bla  Conj/Tloc      61%        2d13      4%          4
 Leda's Liquefaction      Hex/Erth       30%        N/A       4%          4
 Beastly Appendage        Tmut           46%        N/A       7%          1
 Necrotise                Necr           92%        1d8       7%          1
 Summon Small Mammal      Summ           92%        N/A       7%          1
 Spider Form              Tmut/Pois      41%        N/A       7%          3
 Fireball                 Conj/Fire      34%        3d14      7%          5
 Inner Flame              Hex/Fire       36%        N/A       10%         3
 Wereblood                Tmut           23%        N/A       11%         2
 Lightning Bolt           Conj/Air       30%        1d47      14%         5
 Call Canine Familiar     Summ           23%        N/A       21%         3
 Frozen Ramparts          Ice            46%        1d6       21%         3
 Portal Projectile        Hex/Tloc       46%        N/A       21%         3
 Summon Guardian Golem    Hex/Summ       23%        N/A       21%         3
 Swiftness                Air            23%        N/A       21%         3
 Vampiric Draining        Necr           23%        2d7       21%         3
 Corpse Rot               Necr/Pois/Air  35%        N/A       32%         4
 Starburst                Conj/Fire      34%        6d10      36%         6
 Airstrike                Air            11%        0-5+      56%         4
 Ice Form                 Ice/Tmut       23%        N/A       56%         4
 Summon Ice Beast         Ice/Summ       23%        N/A       56%         4
 Summon Lightning Spire   Summ/Air       23%        N/A       56%         4
 Agony                    Necr           23%        N/A       88%         5
 Blade Hands              Tmut           11%        N/A       88%         5
 Lehudib's Crystal Spear  Conj/Erth      42%        10d10     95%         8
 Summon Cactus Giant      Summ           11%        N/A       100%        6
 Haunt                    Necr/Summ      11%        N/A       100%        7
 Borgnjor's Revivificati  Necr           11%        N/A       100%        8


Dungeon Overview and Level Annotations

Branches:
Dungeon (13/15)            Temple (0/1) D:6            Lair (6/6) D:10
 Shoals (0/4) Lair:2       Spider (0/4) Lair:3        Slime (0/5) Lair:5
    Orc (2/2) D:11            Elf (2/3) Orc:2        Vaults (0/5) D:13
Ossuary (visited)          Bailey (visited)         Volcano (visited)
 WizLab (1/1)

Shops:
D:3 [   D:6 !   Orc:1 *   Orc:2 (!(*   Elf:1 :[[*

Portals:
Abyss: Lair:6

Annotations:
D:5 Blork the orc
Lair:5 2 transporters, MisterPants's ghost, journeyman MiGl WizLab exclusion: 2 statues


Innate Abilities, Weirdness & Mutations

You have an increased reservoir of magic. (+10% MP)
You shall have no god before yourself.
Your divine heritage dramatically boosts your attributes as you level up.


Message History

The iron shot hits the conjurer statue!
The conjurer statue is lightly damaged.
You hear a shout!
Casting: Iron Shot (dangerous; 6% risk of failure)
Confirm with . or Enter, or press ? or * to list all spells.
Aiming: Iron Shot (dangerous; 6% risk of failure)
Press: ? - help, Shift-Dir - straight line, f/p - conjurer statue
Aim: a conjurer statue (purple smoke, lightly damaged, 100% to hit)
The iron shot hits the conjurer statue!!
The conjurer statue is heavily damaged.
Casting: Iron Shot (dangerous; 6% risk of failure)
Confirm with . or Enter, or press ? or * to list all spells.
Aiming: Iron Shot (dangerous; 6% risk of failure)
Press: ? - help, Shift-Dir - straight line, f/p - conjurer statue
Aim: a conjurer statue (purple smoke, heavily damaged, 100% to hit)
You miscast Iron Shot.
You are very lightly contaminated with residual magic.
You feel a strange surge of energy!
The conjurer statue conjures an orb of pure magic.
An orb of destruction comes into view.
Casting: Iron Shot (dangerous; 6% risk of failure)
Confirm with . or Enter, or press ? or * to list all spells.
Aiming: Iron Shot (dangerous; 6% risk of failure)
Press: ? - help, Shift-Dir - straight line, f/p - conjurer statue
Aim: a conjurer statue (purple smoke, heavily damaged, 100% to hit)
The iron shot hits the conjurer statue!!
The conjurer statue is severely damaged.
The conjurer statue conjures a glowing orb.
An orb of destruction and a purple draconian come into view.
The orb of destruction hits you!!!
The purple draconian moves out of view.
The purple draconian roars!
The orb of destruction hits you!!!
* * * LOW HITPOINT WARNING * * *
The conjurer statue launches a ball of destructive magic.
An orb of destruction comes into view.
You cannot blink because you are wearing the +2 scale mail "Ymenamp" {-Tele rC++ Will+ Regen+}.
The conjurer statue conjures an orb of pure magic.
An orb of destruction comes into view.
The orb of destruction hits you!!!
You die...

################ #
##..#.#.#.#.#.#.##§#
##∩##∩#§#.#.#.#.#§#§#.#.
#.#.###§#.......§§§#....
#.##§..........§.°§§.§..
##∩#.........§§.☼○*8..d.
#.##§.......)..@..§§....
##...............#...#..
#.##......÷....#.##.## #
##...)........###.....
#.#...)......#.# #####.
##..........#.#.# .
#.#........###.##
##......†...# ##
.#...○...##.


You could see a conjurer statue.

Vanquished Creatures
  Frances (D:12)
  A deep elf sorcerer (Elf:1)
  A stone giant (Volcano)
  Azrael (D:13)
  5 purple draconians (WizLab)
  A statue (WizLab)
  A deep elf high priest (Elf:1)
  8 hydras
  Fannar (Orc:1)
  4 vault guards
  A rakshasa (D:10)
  A catoblepas (Lair:4)
  2 boulder beetles
  3 centaur warriors
  A death knight (D:13)
  4 two-headed ogres
  4 death yaks (Lair:2)
  2 dancing weapons (Elf:1)
  6 orc high priests
  Urug (Orc:1)
  3 thrashing horrors (Lair:6)
  7 deep elf knights (Elf:1)
  4 skeletal warriors (D:11)
  A wizard (D:13)
  6 deep elf archers
  25 deep elf pyromancers
  2 necromancers (D:13)
  8 orc knights (Orc:2)
  16 deep elf zephyrmancers
  3 ugly things
  2 manticores (D:10)
  2 orc sorcerers
  2 cyclopes (D:13)
  6 elephants
  Joseph (D:7)
  A merfolk siren (Lair:2)
  2 torpor snails
  A black mamba (shapeshifter) (Lair:6)
  4 black mambas
  A gargoyle (D:11)
  3 smoke demons (Lair:6)
  3 rime drakes
  11 cane toads
  2 molten gargoyles (Volcano)
  18 komodo dragons
  An efreet (Volcano)
  5 tengu conjurers (WizLab)
  2 ancient zymes (Lair:6)
  3 meliai (D:13)
  3 trolls
  A tarantella (shapeshifter) (Elf:1)
  A hornet (Lair:5)
  23 slime creatures
  4 polar bears
  14 dream sheep (Lair:6)
  22 blink frogs
  A culicivora (shapeshifter) (D:13)
  2 meliai zombies (D:10)
  2 shadows
  11 small abominations (Lair:6)
  4 wyverns
  2 ynoxinuls (Lair:6)
  A water elemental (Elf:1)
  6 fire bats
  2 vampires
  71 yaks
  3 large abominations (Lair:6)
  3 wraiths
  6 basilisks
  24 humans
  6 fire elementals
  A redback (D:10)
  A steam dragon (D:4)
  6 vampire mosquitoes
  7 wargs
  2 acid dragons
  3 hell hounds (D:13)
  17 water moccasins
  A black bear (Lair:2)
  24 orc warriors
  A sky beast (D:7)
  Duvessa (D:6)
  5 ogres
  25 wolves
  14 centaurs
  2 elf zombies (Ossuary)
  6 kobold brigands
  24 bullfrogs
  A gnoll sergeant (D:12)
  3 earth elementals
  3 necrophages (D:10)
  3 scorpions
  4 wights
  Dowan (D:6)
  3 killer bees (D:10)
  2 howler monkeys
  3 lava snakes (Volcano)
  5 hounds (Lair:3)
  6 centaur zombies
  2 jellies (Lair:5)
  2 gnoll boudas
  4 human zombies
  20 orc priests
  Crazy Yiuf (D:3)
  6 iguanas
  10 orc wizards
  4 mummies
  A howler monkey zombie (D:10)
  12 gnolls
  7 adders
  4 river rats (D:6)
  A shadow imp (D:7)
  A white imp (D:7)
  An ufetubus (D:7)
  An adder zombie (Ossuary)
  A worm (D:4)
  3 dart slugs
  51 orcs
  5 ball pythons
  6 bats
  8 endoplasms
  4 giant cockroaches
  9 goblins
  10 hobgoblins
  9 jackals
  28 kobolds
  8 quokkas
  3 frilled lizards (D:3)
  A goblin zombie (Ossuary)
  5 hobgoblin zombies (Ossuary)
  2 jackal zombies (Ossuary)
  11 kobold zombies (Ossuary)
  9 orc zombies (Ossuary)
  3 rats
833 creatures vanquished.

Vanquished Creatures (collateral kills)
  2 hydras (Lair:3)
  Erolcha (D:9)
  A deep elf knight (Elf:1)
  A komodo dragon (D:10)
  A blink frog (Lair:1)
  4 yaks
  3 wolves
  A dart slug (D:1)
  A giant cockroach (D:1)
  A frilled lizard (D:1)
  3 kobolds (D:10)
  A rat (D:2)
20 creatures vanquished.

Vanquished Creatures (others)
  A deep elf pyromancer (D:10)
  Prince Ribbit (Bailey)
  A blink frog (D:10)
  2 yaks
  A black bear (Lair:1)
  A bullfrog (Lair:1)
  An adder (D:1)
  An orc (Orc:1)
  53 fungi
  124 plants
186 creatures vanquished.

Grand Total: 1039 creatures vanquished

Notes
Turn   | Place    | Note
-------+----------+-------------------------------------------
     0 | D:1      | freelancePsychic the Demigod Artificer began the quest for
                  | the Orb.
     0 | D:1      | Reached XP level 1. HP: 15/15 MP: 3/3
   118 | D:1      | Reached skill level 1 in Fighting
   160 | D:1      | Reached XP level 2. HP: 13/23 MP: 4/4
   322 | D:1      | You fall into a shaft and drop 1 floor!
   834 | D:1      | Reached XP level 3. HP: 25/29 MP: 5/5
  1709 | D:2      | Reached skill level 1 in Axes
  1764 | D:2      | Reached XP level 4. HP: 31/37 MP: 6/6
  2328 | D:3      | Found Ehac's Armour Shop.
  2331 | D:3      | Bought a +0 pair of gloves for 45 gold pieces
  2331 | D:3      | Bought a +0 chain mail for 45 gold pieces
  2496 | D:3      | Identified the +7 long sword "Faexalyr" {vorpal, SInv}
  2830 | D:3      | Reached skill level 1 in Long Blades
  2830 | D:3      | Reached XP level 5. HP: 45/45 MP: 7/7
  2882 | D:3      | Found a runed translucent door.
  2883 | D:3      | Noticed Crazy Yiuf
  2888 | D:3      | Killed Crazy Yiuf
  3109 | D:4      | Reached skill level 1 in Shields
  3154 | D:4      | Reached XP level 6. HP: 38/52 MP: 8/8
  3347 | D:4      | Noticed a wyvern
  3348 | D:4      | Noticed a steam dragon
  3348 | D:4      | a wyvern changed into a steam dragon
  3353 | D:4      | Killed a steam dragon
  3481 | D:4      | Identified the +0 cloak "Vaed" {-Cast Str+3 SInv}
  3842 | D:5      | Entered Level 5 of the Dungeon
  3935 | D:5      | Reached XP level 7. HP: 34/59 MP: 9/9
  4095 | D:5      | Noticed Blork the orc
  4667 | D:6      | Found Uwiexicops's Distillery.
  4676 | D:6      | Bought a potion of curing for 30 gold pieces
  4695 | D:6      | Noticed Duvessa
  4716 | D:6      | Killed Duvessa
  4723 | D:6      | Noticed Dowan
  4726 | D:6      | Killed Dowan
  4757 | D:6      | Found a sand-covered staircase.
  4767 | Ossuary  | Entered an ossuary
  4960 | Ossuary  | Reached skill level 5 in Long Blades
  5171 | Ossuary  | Reached skill level 5 in Fighting
  5180 | Ossuary  | Reached XP level 8. HP: 58/68 MP: 10/10
  5729 | D:6      | Got the Monograph on Incandescence and Unholy Deeds
  6012 | D:6      | Identified the +12 spear of Cataclysm {holy, rC++ rN++}
  6220 | D:6      | Found a staircase to the Ecumenical Temple.
  6224 | D:6      | Identified the +8 trident "Wodwakhu" {pain, *Noise rPois
                  | Int+3}
  6322 | D:7      | Noticed Joseph
  6344 | D:7      | Killed Joseph
  6887 | D:7      | Reached XP level 9. HP: 70/78 MP: 11/11
  7723 | D:8      | Identified the +3 pair of boots of Soroasun {+Blink rC+
                  | Slay+2}
  8345 | D:7      | Noticed a rust devil
  8345 | D:7      | Noticed a rust devil
  8675 | D:9      | Noticed a two-headed ogre
  9058 | D:9      | Noticed Erolcha
  9064 | D:9      | Killed Erolcha
  9074 | D:9      | Identified the +7 chain mail of Eternal Night {rN+ rCorr
                  | Dex-4 SInv}
  9280 | D:9      | Reached skill level 10 in Long Blades
  9283 | D:9      | Noticed a two-headed ogre
  9317 | D:9      | Reached XP level 10. HP: 21/88 MP: 13/13
  9321 | D:9      | Killed a two-headed ogre
  9837 | D:9      | Killed a two-headed ogre
 10109 | D:9      | Noticed Maggie
 10110 | D:9      | Noticed Maggie
 10110 | D:9      | Maggie changed into Maggie the jackal
 10114 | D:9      | Killed Maggie the jackal
 10294 | D:10     | Entered Level 10 of the Dungeon
 10299 | D:10     | Noticed a rakshasa
 10299 | D:10     | Noticed a manticore
 10310 | D:10     | Killed a manticore
 10311 | D:10     | Reached skill level 10 in Fighting
 10312 | D:10     | Reached skill level 1 in Conjurations
 10312 | D:10     | Reached skill level 1 in Earth Magic
 10314 | D:10     | Reached skill level 1 in Spellcasting
 10323 | D:10     | Noticed a deep elf pyromancer
 10341 | D:10     | Noticed a deep elf pyromancer
 10344 | D:10     | Found a flagged portal.
 10363 | Bailey   | Entered a bailey
 10678 | Bailey   | Learned a level 6 spell: Iron Shot
 10732 | Bailey   | Reached skill level 2 in Spellcasting
 10817 | Bailey   | Noticed Prince Ribbit
 10817 | Bailey   | Noticed a vault guard
 10826 | Bailey   | Your ally Prince Ribbit died
 10828 | Bailey   | Killed a vault guard
 10953 | Bailey   | Noticed a vault guard
 10969 | Bailey   | Killed a vault guard
 10970 | Bailey   | Reached skill level 3 in Spellcasting
 10970 | Bailey   | Reached XP level 11. HP: 90/99 MP: 19/19
 11243 | D:10     | a deep elf pyromancer changed into a redback
 11552 | D:10     | Noticed a two-headed ogre
 11872 | D:10     | Noticed a centaur warrior
 11875 | D:10     | Reached skill level 4 in Spellcasting
 11886 | D:10     | a two-headed ogre changed into a blink frog
 12122 | D:10     | Killed a centaur warrior
 12601 | D:10     | Reached skill level 5 in Conjurations
 12601 | D:10     | Reached skill level 5 in Earth Magic
 12782 | D:10     | Found a staircase to the Lair.
 12883 | Lair:1   | Entered Level 1 of the Lair of Beasts
 12925 | Lair:1   | Reached skill level 5 in Spellcasting
 14680 | Lair:2   | Noticed a death yak
 14723 | Lair:2   | Killed a death yak
 14724 | Lair:2   | Reached XP level 12. HP: 84/106 MP: 23/23
 14953 | Lair:3   | Noticed an eight-headed hydra
 15555 | Lair:2   | Noticed a five-headed hydra
 15666 | Lair:2   | Found a staircase to the Shoals.
 17390 | Lair:2   | Reached skill level 6 in Spellcasting
 17800 | Lair:2   | Found a staircase to the Shoals.
 17830 | Lair:2   | Killed a five-headed hydra
 18751 | Lair:3   | Reached skill level 7 in Spellcasting
 18873 | Lair:3   | Found a hole to the Spider Nest.
 19805 | Lair:3   | Killed an 11-headed hydra
 20075 | Lair:3   | Noticed a seven-headed hydra
 20112 | Lair:3   | Killed a seven-headed hydra
 20113 | Lair:3   | Reached skill level 8 in Spellcasting
 20664 | Lair:4   | Noticed a catoblepas
 20705 | Lair:3   | Reached XP level 13. HP: 58/113 MP: 29/29
 21550 | Lair:4   | Reached skill level 9 in Spellcasting
 21708 | Lair:4   | Got the Grimoire of the Gardener
 22446 | Lair:4   | Reached skill level 10 in Spellcasting
 23991 | Lair:5   | Reached skill level 10 in Conjurations
 24001 | Lair:5   | Reached skill level 10 in Earth Magic
 24061 | Lair:4   | Reached skill level 11 in Spellcasting
 24143 | Lair:5   | Found a dark tunnel.
 24156 | Volcano  | Entered a volcano
 25215 | Volcano  | Noticed a stone giant
 25234 | Volcano  | Killed a stone giant
 26557 | Lair:5   | Found a staircase to the Slime Pits.
 26606 | Lair:5   | Reached skill level 12 in Spellcasting
 26717 | Lair:5   | Noticed MisterPants's ghost (journeyman MiGl)
 26719 | Lair:5   | Found a transporter.
 26723 | Lair:5   | Found a transporter.
 27155 | Lair:6   | Entered Level 6 of the Lair of Beasts
 27161 | Lair:6   | Reached skill level 1 in Dodging
 28031 | Lair:6   | Reached XP level 14. HP: 121/121 MP: 22/35
 28525 | Lair:6   | Identified the +4 chain mail of Ashenzari {rC+ Str+4 Dex+4}
 29571 | Lair:6   | Reached skill level 13 in Spellcasting
 30671 | Lair:6   | Found a one-way gate to the infinite horrors of the Abyss.
 30679 | Lair:6   | Identified the +8 war axe "Taur Itwu" {vorpal, rElec rF+
                  | rN++ Int-3}
 32935 | D:11     | Learned a level 3 spell: Ignite Poison
 32940 | D:11     | Learned a level 4 spell: Olgreb's Toxic Radiance
 33147 | D:11     | Found a staircase to the Orcish Mines.
 33494 | D:12     | Noticed Frances
 33499 | D:12     | Killed Frances
 33500 | D:12     | Reached skill level 1 in Fire Magic
 33500 | D:12     | Reached skill level 1 in Poison Magic
 35658 | D:13     | Noticed Azrael
 35679 | D:13     | Killed Azrael
 36835 | D:13     | Reached XP level 15. HP: 122/130 MP: 26/37
 37031 | D:13     | Found a gate to the Vaults.
 37109 | D:13     | Identified the +0 war axe of Viplur {vorpal, rC++ Dex-2}
 37370 | D:12     | Reached skill level 5 in Poison Magic
 37623 | Orc:1    | Entered Level 1 of the Orcish Mines
 37733 | Orc:1    | Noticed Urug
 37740 | Orc:1    | Killed Urug
 37826 | Orc:1    | Noticed Fannar
 37830 | Orc:1    | Killed Fannar
 37922 | Orc:1    | Found Wytsir's General Store.
 37943 | Orc:1    | Bought a scroll of magic mapping for 90 gold pieces
 38014 | Orc:2    | Entered Level 2 of the Orcish Mines
 38022 | Orc:2    | Reached skill level 5 in Armour
 38394 | Orc:2    | Found a staircase to the Elven Halls.
 40252 | Orc:2    | Found Zaoth's Antique Weapon Shoppe.
 40253 | Orc:2    | Found Poatho Muav's Weapon Shoppe.
 40253 | Orc:2    | Found Cergh's Distillery.
 40254 | Orc:2    | Found Madwalle's Assorted Antiques.
 40260 | Orc:2    | Bought a faintly humming scale mail for 297 gold pieces
 40260 | Orc:2    | Identified the +2 scale mail "Ymenamp" {-Tele rC++ Will+
                  | Regen+} (You bought it in a shop on level 2 of the Orcish
                  | Mines)
 40260 | Orc:2    | Bought a scroll of teleportation for 99 gold pieces
 40260 | Orc:2    | Bought a scroll of teleportation for 99 gold pieces
 40264 | Orc:2    | Bought an ichor-stained rapier for 261 gold pieces
 40264 | Orc:2    | Identified the +1 rapier of Slime {vorpal, rC+ Stlth+} (You
                  | bought it in a shop on level 2 of the Orcish Mines)
 40269 | Orc:2    | Bought a scroll of enchant weapon for 247 gold pieces
 40378 | Elf:1    | Entered Level 1 of the Elven Halls
 41074 | Elf:1    | Found Byesos's Armour Boutique.
 41074 | Elf:1    | Found Leanew's Armour Shop.
 41075 | Elf:1    | Found Ytechiym's General Store.
 41079 | Elf:1    | Found Zexushral's Book Shop.
 41126 | Elf:1    | Bought a scroll of teleportation for 48 gold pieces
 41139 | Elf:1    | Bought a potion of attraction for 48 gold pieces
 41669 | Elf:1    | Got the Tome of Assembling
 41973 | Elf:1    | Reached XP level 16. HP: 83/141 MP: 9/38
 42383 | Elf:2    | Found a magical portal.
 42388 | WizLab   | Entered Iskenderun's Mystic Tower
 42957 | WizLab   | Blown up by a conjurer statue

Illustrated notes

Levels and vault maps discovered:
D:1:      dpeg_arrival_windows_large_door, layout_loops_cross,
          hellmonk_ecumenical_altar_run_dry, st_stairs_10
D:2:      layout_loops_ring, grunt_ministairs_6
D:3:      layout_rooms, nemelex_spade_bored_becter, serial_shops,
          nicolae_shop_behind_doors, uniq_crazy_yiuf_cottage
D:4:      wad_woods_stonehenge, layout_rooms, ashenzari_altar_1,
          fedhas_altar_fruit_tree, serial_curves, eino_curves_04,
          eino_curves_03, eino_curves_02, eino_curves_02
D:5:      layout_loops_ring, uniq_blork_the_orc
D:6:      wad_woods_tower, layout_basic,
          mainiacjoe_overflow_concentric_impassable,
          chequers_temple_overflow_minitemple, minmay_temple_entry_fiery,
          gup_ossuary_entry_pyramid, serial_shops, shop, uniq_duvessa
D:7:      cheibrodos_iron_armory, layout_basic,
          mainiacjoe_overflow_six_doors_small, uniq_joseph
D:8:      nicolae_cairo_tiling, layout_cave_pools,
          nicolae_overflow_crystal_walls
D:9:      minmay_angry_zag, layout_basic, mainiacjoe_overflow_boulevard,
          serial_corexii_hall, corexii_hall_statues_l, corexii_hall_statues_t,
          uniq_maggie, uniq_erolcha
D:10:     minmay_cut_squares, layout_basic, lemuel_mausoleum_altar_yredelemnul,
          minitemple, erik_lair_dragon, enter_bailey_6, minivault_11,
          amcnicky_mini_pool_medium
D:11:     layout_layer_cave, minmay_orc_entry_guard_dogs
D:12:     layout_loops_ring, uniq_frances
D:13:     layout_small_grid, grunt_vaults_entry_tiered, uniq_azrael
Lair:1:   layout_hall_layers
Lair:2:   layout_roguey, minmay_shoals_entry_lonely_mermaid,
          infiniplex_staircase_pool, grunt_megastairs_3
Lair:3:   beast_lair_carwin_large_3, layout_cave_pods, dummy_spider_entry,
          chequers_serial_rivers_small_3, infiniplex_staircase_pool_2
Lair:4:   layout_regular_city, chequers_serial_rivers_small_a,
          beast_lair_carwin_9
Lair:5:   layout_regular_city, minmay_slime_entry_pillars, nzn_ghost_randoct,
          nicolae_volcano_entry_batcave
Lair:6:   hellmonk_lair_end_abyssal_woods, layout_layer_cave
Orc:1:    layout_diamond_mine, serial_shops, nicolae_shop_window_shopping,
          uniq_gastronok, uniq_urug, uniq_fannar
Orc:2:    st_orc_pillars, layout_caves
Elf:1:    eino_elf_arrival_customs, layout_rooms, minmay_elf_demonology,
          corexii_hall_statues_s, minmay_shoptagon, lemuel_upstairs_altar
Elf:2:    elven_hall_of_blades_hangedman_original
          [nicolae_vaults_blade_armed_guards], layout_rooms, mu_enter_wizlab_1,
          hangedman_elf_targetted_burst
WizLab:   wizlab_iskenderun

Skill      XL: |  1  2  3  4  5  6  7  8  9 10 11 12 13 14 15 |
---------------+----------------------------------------------+-----
Fighting       | 1 2 3 4 5 6 8 10 11 12 | 12.7
Evocations     | 3 |  3.2
Axes           | 1 |  1.7
Long Blades    | 1 3 4 5 7 10 | 10.0
Shields        | 1 2 3 4 |  4.0
Conjurations   | 3 7 9 10 11 12 | 12.5
Earth Magic    | 3 7 9 10 11 12 | 12.5
Spellcasting   | 3 5 8 12 13 | 13.2
Dodging        | 1 3 |  3.2
Armour         | 4 7 |  7.6
Fire Magic     | 3 |  3.8
Poison Magic   | 4 5 |  5.1
Stealth        | |  0.9

Action                   |  1- 3 |  4- 6 |  7- 9 | 10-12 | 13-15 | 16-18 || total
-------------------------+-------+-------+-------+-------+-------+-------++-------
Melee: Club              |    77 |       |       |       |       |       ||    77
       Hand axe          |    25 |    24 |       |       |       |       ||    49
       Long sword        |       |    54 |   288 |   683 |   157 |       ||  1182
       Dagger            |       |     2 |       |       |       |       ||     2
       Punch             |       |     1 |       |       |       |       ||     1
       Scimitar          |       |       |       |       |   264 |       ||   264
       Double sword      |       |       |       |       |    96 |     4 ||   100
 Cast: Iron Shot         |       |       |       |       |   298 |    13 ||   311
       Olgreb's Toxic Ra |       |       |       |       |    98 |    14 ||   112
       Ignite Poison     |       |       |       |       |    66 |    13 ||    79
Evoke: Wand              |     3 |     7 |     7 |    56 |     3 |       ||    76
       Box of beasts     |       |       |       |     1 |     1 |       ||     2
  Use: Scroll            |       |     6 |    12 |    15 |    19 |     1 ||    53
       Potion            |       |       |       |    10 |    14 |       ||    24
 Stab: Sleeping          |     1 |     2 |       |     1 |       |       ||     4
       Distracted        |     1 |       |       |       |       |       ||     1
       Petrified         |       |       |       |       |    10 |       ||    10
       Invisible         |       |       |       |       |     2 |       ||     2
Armor: Leather armour    |    21 |       |       |       |   201 |       ||   222
       Ring mail         |    12 |    11 |       |       |       |       ||    23
       Chain mail        |       |    38 |   175 |   275 |       |       ||   488
       Acid dragon scale |       |       |       |   169 |    90 |       ||   259
       Scale mail        |       |       |       |       |    25 |       ||    25
Dodge: Dodged            |    79 |    15 |    77 |   298 |   371 |     6 ||   846
Block: Buckler           |       |     1 |    75 |   151 |   158 |     3 ||   388

Table legend: (Time is in decaauts)
 A = Elapsed time spent in this place.
 B = Non-inter-level travel time spent in this place.
 C = Inter-level travel time spent in this place.
 D = Time resting spent in this place.
 E = Time spent auto-exploring this place.
 F = Levels seen in this place.
 G = Mean time per level.
                   A        B        C        D        E       F      G
               +--------+--------+--------+--------+--------+-----+--------+
         Total |  43110 |  41629 |   1481 |   3792 |  31482 |  27 | 1596.7 |
       Dungeon |  18343 |  17612 |    731 |   1086 |  13853 |  13 | 1411.0 |
          Lair |  16516 |  15844 |    672 |   1324 |  12317 |   6 | 2752.7 |
  Orcish Mines |   2859 |   2808 |     51 |    625 |   1720 |   2 | 1429.5 |
   Elven Halls |   1844 |   1818 |     26 |      0 |   1444 |   2 |  922.0 |
       Ossuary |    544 |    544 |      0 |    138 |    243 |   1 |  544.0 |
        Bailey |    837 |    837 |      0 |    135 |    551 |   1 |  837.0 |
       Volcano |   1595 |   1595 |      0 |    483 |    888 |   1 | 1595.0 |
        Wizlab |    569 |    569 |      0 |      0 |    465 |   1 |  569.0 |
               +--------+--------+--------+--------+--------+-----+--------+

Top non-repeatable levels by time:
  Lair:2: 4101 daAuts
  Lair:3: 3569 daAuts
  Lair:6: 3503 daAuts
    D:10: 2656 daAuts
  Lair:4: 2379 daAuts
    D:13: 2246 daAuts
     D:9: 2201 daAuts
   Orc:2: 2063 daAuts
    D:12: 1907 daAuts
   Elf:1: 1830 daAuts
  Lair:5: 1776 daAuts
 Volcano: 1595 daAuts
     D:1: 1291 daAuts
    D:11: 1235 daAuts
     D:7: 1216 daAuts
